 Dungeon Crawl Stone Soup version 0.29-a0-648-g6b26cc9f40 (webtiles) character file.

Game seed: 1688480985436021098

34126 BearFiend the Fighter (level 13, -23/125 HPs)
             Began as a Yellow Draconian Transmuter on June 20, 2022.
             Was a Priest of the Shining One.
             Killed from afar by Jorgrun (30 damage)
             ... with a blast of rock fragments
             ... on level 1 of the Orcish Mines.
             The game lasted 01:43:45 (20712 turns).

BearFiend the Fighter (DrTm)                       Turns: 20712, Time: 01:43:45

Health: -23/125    AC: 18    Str: 14    XL:     13   Next: 40%
Magic:  22/22      EV: 16    Int: 20    God:    the Shining One [***...]
Gold:   843        SH:  5    Dex: 11    Spells: 7/24 levels left

rFire   . . .      SeeInvis .   G - +4 dagger of Sogeanki {venom, Str+2}
rCold   . . .      Faith    .   (no shield)
rNeg    + . .      Spirit   .   (body armour unavailable)
rPois   .          Reflect  +   (helmet restricted)
rElec   .          Harm     .   s - +2 cloak
rCorr   +          Rampage  .   o - +2 pair of gloves
Will    .....                   (no boots)
Stlth   ..........              i - amulet of reflection
HPRegen 0.30/turn               B - +4 ring of evasion
MPRegen 0.18/turn               H - +4 ring of protection

@: short of breath, silenced (expiring), hasted, glowing, very quick
A: spit acid, AC +8, unfitting armour, cold-blooded, acid resistance
a: Breathe Acid, Renounce Religion


You were on level 1 of the Orcish Mines.
You worshipped the Shining One.
The Shining One was most pleased with you.
You visited 3 branches of the dungeon, and saw 16 of its levels.
You also visited: Ossuary.

You collected 1656 gold pieces.
You spent 813 gold pieces at shops.

Inventory:

Hand Weapons
 G - the +4 dagger of Sogeanki (weapon) {venom, Str+2}
   (You found it on level 9 of the Dungeon)

   It poisons the flesh of those it strikes.
   Str:       It affects your strength (+2).
Missiles
 n - 43 poisoned darts
 I - 3 datura-tipped darts
Armour
 m - an orb of energy
 o - a +2 pair of gloves (worn)
 s - a +2 cloak (worn)
 F - +0 fire dragon scales
Jewellery
 b - an amulet of the acrobat
 i - an amulet of reflection (around neck)
 k - a ring of flight
 q - an amulet of guardian spirit
 B - a +4 ring of evasion (left hand)
 H - a +4 ring of protection (right hand)
 K - an amulet of regeneration
Wands
 r - a wand of light (8)
 u - a wand of flame (17)
 A - a wand of mindburst (4)
 E - a wand of paralysis (8)
 J - a wand of polymorph (12)
 M - a wand of iceblast (4)
Scrolls
 c - 6 scrolls of teleportation
 d - 4 scrolls of vulnerability
 j - 2 scrolls of magic mapping
 v - 2 scrolls of fear
 y - a scroll of poison
 z - 3 scrolls of enchant armour
 L - a scroll of enchant weapon
 N - a scroll of identify {@r1}
Potions
 a - 4 potions of lignification
 e - 2 potions of attraction
 f - a potion of haste
 g - 2 potions of resistance
 h - 6 potions of curing {@q1}
 p - 4 potions of brilliance
 t - 2 potions of might
 w - a potion of flight
 x - 2 potions of ambrosia
 C - 2 potions of cancellation
 D - 3 potions of mutation
 O - a potion of magic


   Skills:
 + Level 14.6 Fighting
 - Level 1.7 Dodging
 - Level 6.0 Unarmed Combat
 - Level 6.0 Spellcasting
 + Level 13.5 Transmutations
 - Level 1.2 Fire Magic
 - Level 4.0 Ice Magic
 + Level 6.8 Earth Magic
 - Level 8.0 Invocations


You had 7 spell levels left.
You knew the following spells:

 Your Spells              Type           Power      Damage    Failure   Level
a - Wereblood             Tmut           56%        N/A       1%          2
b - Beastly Appendage     Tmut           100%       N/A       1%          1
c - Petrify               Tmut/Erth      46%        N/A       1%          4
d - Statue Form           Tmut/Erth      30%        N/A       24%         6
q - Ice Form              Ice/Tmut       41%        N/A       2%          4

Your spell library contained the following spells:

 Spells                   Type           Power      Damage    Failure   Level
 Sting                    Tmut/Pois      100%       1d8       1%          1
 Spider Form              Tmut/Pois      33%        N/A       1%          3
 Blade Hands              Tmut           28%        N/A       1%          5
 Ignite Poison            Fire/Tmut/Pois 25%        N/A       4%          3
 Foxfire                  Conj/Fire      32%        2x1d5     9%          1
 Scorch                   Fire           20%        2d6       10%         2
 Poisonous Vapours        Pois/Air       12%        N/A       16%         2
 Lee's Rapid Deconstruct  Erth           16%        3d11*     17%         5
 Conjure Flame            Conj/Fire      8%         6-21      24%         3
 Leda's Liquefaction      Hex/Erth       9%         N/A       26%         4
 Call Canine Familiar     Summ           6%         N/A       30%         3
 Mephitic Cloud           Conj/Pois/Air  6%         N/A       30%         3
 Portal Projectile        Hex/Tloc       12%        N/A       30%         3
 Tukima's Dance           Hex            6%         N/A       30%         3
 Flame Wave               Conj/Fire      8%         2d5       63%         4
 Sticky Flame             Conj/Fire      8%         2d3       63%         4
 Airstrike                Air            3%         N/A       71%         4
 Olgreb's Toxic Radiance  Pois           6%         N/A       71%         4
 Summon Lightning Spire   Summ/Air       6%         N/A       71%         4
 Lightning Bolt           Conj/Air       3%         1d14      96%         5
 Summon Cactus Giant      Summ           3%         N/A       100%        6
 Ignition                 Fire           5%         3d4       100%        8


Dungeon Overview and Level Annotations

Branches:
Dungeon (10/15) Zot: 24613  Temple (0/1) D:6            Lair (5/6) D:10 Zot: 23901
  Swamp (0/4) Lair:4       Spider (0/4) Lair:2        Slime (0/5) Lair:5
    Orc (1/2) D:10 Zot: 5678 Ossuary (visited)

Altars:
Elyvilon
Fedhas
Gozag
Kikubaaqudgha
Ru
Trog
Uskayaw
Xom
The Shining One
Beogh

Shops:
D:6 !=?=   D:7 *   D:10 (

Annotations:
Lair:5 exclusion: 3 oklob plants
Orc:1 1 runed translucent door, Jorgrun


Innate Abilities, Weirdness & Mutations

You can spit globs of acid.
Your golden yellow scales are hard. (AC +8)
You cannot fit into any form of body armour.
You are cold-blooded and may be slowed by cold attacks.
You are resistant to acid. (rCorr)


Message History

You closely miss Jorgrun. You tail-slap Jorgrun.
Jorgrun is moderately wounded.
Jorgrun hits you but does no damage.
You hit Jorgrun.
Jorgrun is poisoned.
Jorgrun is moderately wounded.
Jorgrun hits you with a +0 vorpal quarterstaff!
You barely miss Jorgrun.
Jorgrun is moderately wounded.
Jorgrun hits you with a +0 vorpal quarterstaff!
You completely miss Jorgrun. You tail-slap Jorgrun.
Jorgrun is moderately wounded.
Jorgrun hits you with a +0 vorpal quarterstaff!
You hit Jorgrun.
Jorgrun is moderately wounded.
Jorgrun misses you.
You hit Jorgrun.
Jorgrun looks even sicker.
Jorgrun is moderately wounded.
Jorgrun hits you with a +0 vorpal quarterstaff.
* * * LOW HITPOINT WARNING * * *
You hit Jorgrun.
Jorgrun looks as sick as possible!
Jorgrun is heavily wounded.
Jorgrun is no longer covered in acid.
Jorgrun hits you with a +0 vorpal quarterstaff!
* * * LOW HITPOINT WARNING * * *
x2 You closely miss Jorgrun.
Jorgrun is heavily wounded.
Jorgrun hits you with a +0 vorpal quarterstaff!
* * * LOW HITPOINT WARNING * * *
x2 You closely miss Jorgrun.
Jorgrun is heavily wounded.
Jorgrun hits you with a +0 vorpal quarterstaff!
* * * LOW HITPOINT WARNING * * *
x2 You feel better.
Jorgrun hits you but does no damage.
You feel yourself speed up.
Jorgrun points at you and mumbles some strange words.
The iron shot hits you!!
* * * LOW HITPOINT WARNING * * *
Jorgrun casts a spell next to you.
The wall shatters!
The blast of rock fragments hits you!!
You die...

...).....##............)##
.......................[<#
..)...........#........)##
....##........###.#....#.###
.#####.........#...........#
.$#.............#........###
...............##.......##.##
...............##....^#.#...####
.............g..@.....###...##.##
..........#...........####......#
.........###.......#...#.##.....#
......... #.......##.##..o.....$
......... ##.#.########.........
....... ###..##.##$..........
.$... ##.#........#..#..o
#...#..#......#....
##.##........#####.


You could see Jorgrun (very poisoned).

Vanquished Creatures
  Snorg (Lair:3)
  Harold (D:9)
  5 hydras
  2 two-headed ogres
  3 bog bodies (Lair:4)
  5 elephants (Lair:5)
  A black mamba (Lair:3)
  13 cane toads
  A kobold demonologist (D:9)
  5 komodo dragons
  13 rime drakes
  A polar bear (Lair:4)
  2 trolls
  4 blink frogs (Lair:3)
  7 dream sheep (Lair:5)
  Sigmund (D:5)
  31 yaks
  A wraith (D:9)
  5 wyverns
  2 basilisks
  Grum (D:9)
  6 steam dragons
  3 redbacks (Lair:2)
  A warg (Orc:1)
  Menkaure (D:7)
  2 acid dragons
  8 orc warriors
  12 water moccasins
  An ice beast (D:6)
  A sky beast (D:7)
  A black bear (D:5)
  4 ogres
  12 wolves
  A centaur (D:8)
  A phantom (D:7)
  6 kobold brigands
  15 bullfrogs
  An elf zombie (Ossuary)
  2 scorpions (D:4)
  3 wights
  4 killer bees (D:10)
  2 howler monkeys (D:4)
  An electric eel (Lair:4)
  3 centaur zombies (Ossuary)
  3 hounds
  3 jellies
  6 orc priests
  A human zombie (Ossuary)
  5 orc wizards
  Ijyb (D:4)
  4 iguanas
  Robin (D:3)
  2 mummies (Ossuary)
  5 gnolls
  4 adders
  3 shadow imps
  2 white imps
  An ufetubus (D:4)
  2 adder zombies (Ossuary)
  2 worms
  3 dart slugs
  28 orcs
  5 ball pythons
  3 endoplasms
  5 giant cockroaches
  6 hobgoblins
  3 jackals (D:2)
  8 quokkas
  7 bats
  6 frilled lizards
  18 goblins
  A goblin zombie (Ossuary)
  10 hobgoblin zombies (Ossuary)
  2 jackal zombies (Ossuary)
  31 kobolds
  6 kobold zombies (Ossuary)
  10 orc zombies (Ossuary)
  5 rats
  A rat zombie (Ossuary)
399 creatures vanquished.

Vanquished Creatures (others)
  A steam dragon (Lair:3)
  20 fungi
  19 plants
40 creatures vanquished.

Grand Total: 439 creatures vanquished

Notes
Turn   | Place    | Note
-------+----------+-------------------------------------------
     0 | D:1      | BearFiend the Draconian Transmuter began the quest for the
                  | Orb.
     0 | D:1      | Reached XP level 1. HP: 16/16 MP: 3/3
   425 | D:1      | Reached XP level 2. HP: 24/24 MP: 3/5
   537 | D:1      | Found a faded altar of an unknown god.
   578 | D:1      | Reached skill level 2 in Fighting
  1066 | D:1      | Reached skill level 1 in Ice Magic
  1066 | D:1      | Reached XP level 3. HP: 29/29 MP: 4/6
  1511 | D:2      | Reached XP level 4. HP: 36/37 MP: 5/7
  1549 | D:2      | Reached skill level 3 in Fighting
  1819 | D:3      | Noticed Robin
  1882 | D:3      | Killed Robin
  1941 | D:3      | Found a white marble altar of Elyvilon.
  1981 | D:3      | Became a worshipper of Elyvilon the Healer
  2241 | D:3      | Found a blossoming altar of Fedhas.
  2347 | D:3      | Reached * piety under Elyvilon
  2780 | D:4      | Reached XP level 5. HP: 41/46 MP: 8/8
  3002 | D:4      | Found a sand-covered staircase.
  3009 | Ossuary  | Entered an ossuary
  3031 | Ossuary  | Learned a level 2 spell: Wereblood
  3051 | Ossuary  | Reached skill level 4 in Fighting
  3148 | Ossuary  | Reached XP level 6. HP: 53/53 MP: 6/9
  3275 | Ossuary  | Reached skill level 5 in Fighting
  3284 | Ossuary  | Reached skill level 5 in Transmutations
  3505 | D:4      | Your scales start taking on a golden yellow colour.
  3505 | D:4      | Reached XP level 7. HP: 61/62 MP: 8/10
  3505 | D:4      | Gained mutation: You are resistant to acid. (rCorr) [Yellow
                  | Draconian growth]
  3520 | D:4      | Noticed Ijyb
  3533 | D:4      | Killed Ijyb
  3618 | D:4      | Reached skill level 6 in Fighting
  3731 | D:4      | Reached ** piety under Elyvilon
  3742 | D:4      | Found a sacrificial altar of Ru.
  3742 | D:4      | Found a shimmering altar of Xom.
  4082 | D:5      | Entered Level 5 of the Dungeon
  4580 | D:5      | Reached *** piety under Elyvilon
  4948 | D:5      | Reached skill level 7 in Fighting
  4948 | D:5      | Reached XP level 8. HP: 73/73 MP: 11/11
  5027 | D:5      | Noticed Sigmund
  5045 | D:5      | Killed Sigmund
  5122 | D:5      | Found a glowing golden altar of the Shining One.
  5138 | D:5      | Fell from the grace of Elyvilon
  5138 | D:5      | Became a worshipper of the Shining One
  5138 | D:5      | Reached * piety under the Shining One
  5382 | D:6      | Found a staircase to the Ecumenical Temple.
  5389 | D:6      | Found Horhi's Jewellery Emporium.
  5393 | D:6      | Found Eweschil's Jewellery Emporium.
  5393 | D:6      | Found Voiskyky's Distillery.
  5393 | D:6      | Found Seowuf's Magic Scroll Emporium.
  5507 | D:6      | Got the Incunabulum of Earthen Heat
  5515 | D:6      | Learned a level 4 spell: Ice Form
  5722 | D:6      | Found an opulent altar of Gozag.
  5822 | D:6      | Reached skill level 8 in Fighting
  6306 | D:6      | Found an ancient bone altar of Kikubaaqudgha.
  7059 | D:7      | Identified the +0 scale mail "Teonwaut" {+Blink Str+3
                  | Dex+2}
  7063 | D:7      | Reached XP level 9. HP: 76/82 MP: 12/12
  7116 | D:7      | Found Locoew's Assorted Antiques.
  7218 | D:7      | Noticed Menkaure
  7537 | D:7      | Killed Menkaure
  7537 | D:7      | Reached ** piety under the Shining One
  7538 | D:7      | Reached skill level 1 in Invocations
  8149 | D:7      | Reached skill level 9 in Fighting
  8997 | D:8      | Reached skill level 5 in Invocations
  8997 | D:8      | Reached skill level 1 in Fire Magic
  9039 | D:8      | Identified the +4 leather armour "Riczavog" {+Inv}
  9359 | D:9      | Noticed Grum
  9371 | D:9      | Killed Grum
  9372 | D:9      | Reached XP level 10. HP: 91/91 MP: 10/16
  9510 | D:6      | Bought a +4 ring of protection for 396 gold pieces
  9884 | D:9      | Reached skill level 10 in Fighting
  9916 | D:9      | Reached skill level 5 in Unarmed Combat
 10254 | D:9      | Found a bloodstained altar of Trog.
 10408 | D:9      | Noticed a two-headed ogre
 10423 | D:9      | Killed a two-headed ogre
 10429 | D:9      | Got the Guide on the Toxic Mountains
 10820 | D:9      | Reached skill level 1 in Earth Magic
 11013 | D:9      | Noticed Harold
 11024 | D:9      | Killed Harold
 11025 | D:9      | Reached skill level 11 in Fighting
 11337 | D:9      | Found a hide-covered altar of Uskayaw.
 11370 | D:9      | Identified the +4 dagger of Sogeanki {venom, Str+2}
 11928 | D:10     | Entered Level 10 of the Dungeon
 11997 | D:10     | Found a staircase to the Orcish Mines.
 12041 | D:10     | Reached XP level 11. HP: 85/102 MP: 17/17
 12050 | D:10     | Reached *** piety under the Shining One
 12051 | D:10     | Reached skill level 10 in Transmutations
 12147 | D:10     | Found Xoahal's Antique Weapon Emporium.
 12157 | D:10     | Noticed a two-headed ogre
 12163 | D:10     | Killed a two-headed ogre
 12318 | D:10     | Found a staircase to the Lair.
 13128 | Lair:1   | Entered Level 1 of the Lair of Beasts
 13410 | Lair:1   | Reached skill level 12 in Fighting
 13467 | Lair:1   | Noticed a four-headed hydra
 13476 | Lair:1   | Killed a four-headed hydra
 13477 | Lair:1   | Reached skill level 5 in Earth Magic
 13482 | Lair:1   | Learned a level 4 spell: Petrify
 13729 | Lair:1   | Noticed a seven-headed hydra
 13751 | Lair:1   | Killed a seven-headed hydra
 13851 | Lair:1   | Noticed a four-headed hydra
 13860 | Lair:1   | Killed a four-headed hydra
 14130 | Lair:1   | Reached skill level 5 in Spellcasting
 14487 | Lair:2   | Reached XP level 12. HP: 112/112 MP: 20/20
 14610 | Lair:2   | Found a hole to the Spider Nest.
 14658 | Lair:2   | Noticed a four-headed hydra
 14678 | Lair:2   | Killed a four-headed hydra
 15389 | Lair:3   | Noticed Snorg
 15596 | Lair:3   | Killed Snorg
 16216 | Lair:3   | Reached skill level 13 in Fighting
 16254 | Lair:3   | Learned a level 6 spell: Statue Form
 16312 | Lair:3   | HP: 1/138 [rime drake/flash freeze (21)]
 16570 | Lair:3   | Identified the +5 scale mail of Moniofiw {Str+4 Int+6}
 17026 | Lair:4   | Noticed an eight-headed hydra
 17040 | Lair:4   | Killed an eight-headed hydra
 17248 | Lair:4   | Found a staircase to the Swamp.
 17719 | Lair:5   | Reached XP level 13. HP: 123/123 MP: 17/22
 17914 | Lair:5   | Reached skill level 14 in Fighting
 18972 | Lair:5   | Found a staircase to the Slime Pits.
 19388 | D:6      | Bought a scroll of identify for 26 gold pieces
 19388 | D:6      | Bought a scroll of identify for 26 gold pieces
 19493 | D:7      | Bought a scroll of identify for 56 gold pieces
 19493 | D:7      | Bought a fuming blue potion for 25 gold pieces
 19565 | Orc:1    | Entered Level 1 of the Orcish Mines
 19675 | Orc:1    | Found a runed translucent door.
 19675 | Orc:1    | Noticed Jorgrun
 19675 | Orc:1    | Reached **** piety under the Shining One
 20252 | D:6      | Bought a scroll of silence for 97 gold pieces
 20252 | D:6      | Bought a scroll of fear for 45 gold pieces
 20252 | D:6      | Bought a scroll of fear for 45 gold pieces
 20547 | D:6      | Bought a scroll of silence for 97 gold pieces
 20708 | Orc:1    | HP: 6/125 [Jorgrun/iron shot (24)]
 20712 | Orc:1    | Killed from afar by Jorgrun

Illustrated notes

Levels and vault maps discovered:
D:1:      dpeg_arrival_shelter, layout_loops_ring, ebering_ecumenical_altar_mist
D:2:      minmay_evil_eye, layout_rooms
D:3:      layout_loops_cross, elyvilon_altar_1,
          mainiacjoe_overflow_tiny_flanked, uniq_robin
D:4:      layout_basic, gammafunk_temple_overflow_elements, enter_ossuary_3,
          uniq_ijyb
D:5:      layout_basic, tso_metal_star, chequers_decorated_corner, uniq_sigmund
D:6:      layout_basic, mainiacjoe_overflow_catch_the_wave, temple_doors_e,
          moated_statue, minmay_shop_grid_forest, uniq_crazy_yiuf_cottage
D:7:      layout_basic, serial_shops, nicolae_shop_overgrown_old_shop,
          minmay_misc_feat_diagonals, uniq_menkaure
D:8:      layout_loops_ring, minmay_diced_spiral
D:9:      layout_basic, mainiacjoe_overflow_small_starburst,
          nicolae_uskayaw_dance_studio, uniq_harold, uniq_grum
D:10:     minmay_weird_star, layout_irregular_city, lair_entry_dummy,
          minmay_orc_entry_temple_small, serial_shops, nicolae_shop_trees
Lair:1:   layout_regular_city, grunt_megastairs_2
Lair:2:   layout_cave_pods, spider_nest_entry_webs
Lair:3:   layout_long_grid, bobbens_dragon_lair_wall, lemuel_fruit_fields,
          serial_bayou_shore_b, uniq_snorg
Lair:4:   layout_loops_ring, nicolae_swamp_entry_splash_gauntlet
Lair:5:   layout_hall_layers, minmay_slime_entry_oklob_enclosed,
          beast_lair_carwin_11, infiniplex_staircase_pool_2
Orc:1:    layout_diamond_mine, chequers_guarded_unrand_ignorance, uniq_jorgrun

Skill      XL: |  1  2  3  4  5  6  7  8  9 10 11 12 13 |
---------------+----------------------------------------+-----
Fighting       | 2 3 4 5 7 8 9 11 12 13 14 | 14.6
Ice Magic      | 1 4 |  4.0
Transmutations | 3 4 5 6 8 9 11 12 13 | 13.5
Invocations    | 5 6 8 |  8.0
Spellcasting   | 4 5 6 |  6.0
Fire Magic     | 1 |  1.2
Unarmed Combat | 6 |  6.0
Earth Magic    | 2 6 |  6.8
Dodging        | |  1.7

Action                   |  1- 3 |  4- 6 |  7- 9 | 10-12 | 13-15 || total
-------------------------+-------+-------+-------+-------+-------++-------
Melee: Unarmed           |   124 |   109 |    55 |   163 |    83 ||   534
       Kick              |    19 |    32 |     4 |       |       ||    55
       Headbutt          |    14 |    22 |     7 |       |       ||    43
       Tailslap          |    10 |    24 |    41 |   129 |    49 ||   253
       Punch             |     3 |     4 |     6 |    53 |    13 ||    79
       Dagger            |       |   106 |   218 |   485 |   160 ||   969
Throw: Dart              |       |       |       |     1 |       ||     1
       Throwing net      |       |       |       |       |     4 ||     4
 Cast: Beastly Appendage |    28 |    12 |     3 |       |       ||    43
       Wereblood         |       |     4 |     4 |     7 |     2 ||    17
       Ice Form          |       |       |     4 |    21 |     5 ||    30
       Petrify           |       |       |       |     4 |     8 ||    12
       Statue Form       |       |       |       |       |     2 ||     2
Invok: Divine Shield     |       |       |       |     7 |     4 ||    11
 Abil: Breathe Acid      |       |       |    13 |    47 |    10 ||    70
       End Transformatio |       |       |       |     3 |     1 ||     4
Evoke: Wand              |       |       |       |     2 |       ||     2
  Use: Scroll            |       |     8 |     9 |    12 |     9 ||    38
       Potion            |       |     1 |     2 |     9 |     4 ||    16
 Stab: Sleeping          |       |     1 |       |       |       ||     1
Armor: Skin              |    27 |    63 |    68 |   283 |   110 ||   551
Dodge: Dodged            |    95 |   149 |   192 |   577 |   223 ||  1236
Block: Other             |       |       |       |    59 |    12 ||    71

Table legend: (Time is in decaauts)
 A = Elapsed time spent in this place.
 B = Non-inter-level travel time spent in this place.
 C = Inter-level travel time spent in this place.
 D = Time resting spent in this place.
 E = Time spent auto-exploring this place.
 F = Levels seen in this place.
 G = Mean time per level.
                   A        B        C        D        E       F      G
               +--------+--------+--------+--------+--------+-----+--------+
         Total |  20711 |  17591 |   3120 |   3076 |  10788 |  17 | 1218.3 |
       Dungeon |  13990 |  11693 |   2297 |   2395 |   7457 |  10 | 1399.0 |
          Lair |   6098 |   5343 |    755 |    670 |   3327 |   5 | 1219.6 |
  Orcish Mines |    321 |    254 |     67 |     11 |      0 |   1 |  321.0 |
       Ossuary |    300 |    300 |      0 |      0 |      4 |   1 |  300.0 |
               +--------+--------+--------+--------+--------+-----+--------+

Top non-repeatable levels by time:
     D:7: 2183 daAuts
     D:9: 1952 daAuts
     D:6: 1699 daAuts
    D:10: 1690 daAuts
  Lair:3: 1608 daAuts
  Lair:5: 1433 daAuts
     D:5: 1412 daAuts
  Lair:1: 1242 daAuts
     D:1: 1211 daAuts
     D:3: 1179 daAuts
     D:8: 1137 daAuts
  Lair:2: 1031 daAuts
     D:4: 878 daAuts
  Lair:4: 783 daAuts
     D:2: 644 daAuts
